Map: Ghost River LE

Players

Brenton

  • Race: Terran Terran
  • Spawn Location: 1:00

Computer - Winner!

  • Race: Terran Terran
  • League: Gold, Silver
  • Spawn Location: 11:00

VOD

Have the link to the VOD?

Description

Time

  • Played on: April 28, 2024, 7:02 a.m.
  • Length: 8:12
Show
View Real Time Build Order
Export as new Build Order

Brenton Terran 

Build Orders:  

Get SALT Encoding   

  12  0:00  SCV  
  13  0:12  SCV  
  14  0:24  Supply Depot, SCV  
  15  0:45  SCV  
  15  0:49  Refinery  
  16  0:53  Barracks  
  16  0:58  SCV  
  17  1:10  SCV  
  18  1:22  SCV  
  19  1:40  Orbital Command  
  19  1:42  Barracks Reactor, Supply Depot  
  19  2:06  Engineering Bay, SCV  
  20  2:18  SCV  
  20  2:19  Marine x2  
  20  2:20  Command Center  
  23  2:30  SCV  
  24  2:37  Marine x2  
  24  2:38  Factory  
  24  2:42  Refinery  
  24  2:43  SCV  
  26  2:55  Marine x2, SCV  
  29  3:07  SCV  
  30  3:13  Marine  
  31  3:23  Marine  
  31  3:27  Supply Depot  
  32  3:30  Supply Depot  
  32  3:31  Factory Reactor  
  32  3:40  SCV  
  33  3:52  SCV  
  34  3:56  Marine x2  
  34  3:59  Orbital Command  
  36  4:04  SCV  
  36  4:09  Bunker  
  37  4:14  Marine x2  
  37  4:16  SCV  
  40  4:20  Cyclone  
  42  4:28  SCV  
  43  4:33  Marine x2  
  43  4:36  Cyclone  
  47  4:44  SCV  
  48  4:51  Supply Depot  
  45  4:53  Supply Depot  
  45  4:56  SCV  
  41  5:07  Marine x2  
  41  5:08  SCV  
  41  5:10  Cyclone  
  41  5:13  Cyclone  
  48  5:15  Terran Infantry Weapons Level 1  
  48  5:17  SCV  
  48  5:20  SCV  
  48  5:25  Marine x2  
  50  5:32  SCV  
  45  5:43  Marine x2  
  33  6:08  Marine x2  
  33  6:10  Cyclone x2  
  33  6:26  Marine x2  
  35  6:39  Factory  
  32  6:42  Factory, Cyclone x2  
  32  6:44  Marine x2  
  34  7:01  Marine  
  29  7:09  Marine  
  27  7:29  Cyclone x2  
Show
View Real Time Build Order
Export as new Build Order

Computer Terran - Winner!

Build Orders: 1/1/1 

Get SALT Encoding   

  12  0:01  SCV  
  13  0:13  SCV  
  14  0:18  Supply Depot  
  14  0:25  SCV  
  15  0:30  Refinery  
  15  0:41  Refinery  
  16  0:49  Barracks  
  15  1:00  SCV  
  16  1:14  Supply Depot, SCV  
  17  1:26  SCV  
  18  1:36  Reaper  
  19  1:40  Factory  
  19  1:53  Orbital Command  
  19  2:20  SCV  
  20  2:24  Hellion  
  20  2:29  Starport  
  22  2:36  Armory  
  22  2:55  Factory Tech Lab  
  21  3:14  Medivac  
  24  3:26  Command Center  
  24  3:32  Thor  
  29  3:39  SCV  
  30  3:44  Starport Reactor  
  30  3:53  Starport Reactor  
  30  3:58  Supply Depot  
  30  4:02  Supply Depot  
  30  4:14  SCV  
  34  4:26  Thor, SCV  
  36  4:38  SCV  
  37  5:24  Marine  
  38  5:42  Marine  
  39  5:54  Thor  
  45  6:00  Marine  
  46  6:15  Liberator x2  
  46  6:18  Factory, Marine  
  53  6:35  Marine  
  54  6:53  Marine  
  55  7:11  Marine  
  53  7:29  Marine  
  58  7:47  Marine  
  59  7:54  Factory Tech Lab  
  59  8:03  Refinery  
  59  8:04  Refinery  
Tags
 
Matchup
TvT
Opening
1/1/1
Race
Terran
Spawn Locations
Close Positions
Add a new tag
Caveats
  • Supply blocks, unpowered buildings, or Contaminate may cause inaccurate times.
  • Supply counts are checked every 10 seconds.